 Dungeon Crawl Stone Soup version 0.28.0 (webtiles) character file.

Game seed: 5500117070084764245

44 bande the Covered (level 3, -1/23 HPs)
             Began as a Gargoyle Fighter on Feb 12, 2022.
             Slain by Robin (2 damage)
             ... on level 2 of the Dungeon.
             The game lasted 00:01:51 (1143 turns).

bande the Covered (Gargoyle Fighter)                Turns: 1143, Time: 00:01:52

Health: -1/23      AC: 10    Str: 19    XL:     3   Next: 60%
Magic:  3/3        EV:  9    Int:  8    God:
Gold:   94         SH:  4    Dex: 11    Spells: 2/2 levels left

rFire   + . .      SeeInvis .   a - +1 war axe
rCold   + . .      Faith    .   c - +0 buckler
rNeg    + . .      Spirit   .   b - +0 scale mail
rPois   ∞          Reflect  .   (no helmet)
rElec   +          Harm     .   e - scarf {rC+ rF+}
rCorr   .          Rampage  .   (no gloves)
Will    .....                   (no boots)
Stlth   ..........              (no amulet)
HPRegen 0.07/turn               (no ring)
MPRegen 0.08/turn               (no ring)

@: flying
A: sickness immunity, AC +3, negative energy resistance 1, electricity
resistance, torment resistance 1, petrification resistance
a: no special abilities


You were on level 2 of the Dungeon.
You visited 1 branch of the dungeon, and saw 2 of its levels.

You collected 94 gold pieces.

Inventory:

Hand Weapons
 a - a +1 war axe (weapon)
Armour
 b - a +0 scale mail (worn)
 c - a +0 buckler (worn)
 e - a scarf of resistance (worn)
Potions
 d - a potion of might
 h - a potion of magic
 j - a potion of heal wounds {unknown}
 k - a potion of attraction {unknown}


   Skills:
 + Level 3.6 Fighting
 + Level 2.6 Axes
 + Level 3.8 Armour
 + Level 3.5 Shields


You had 2 spell levels left.
You didn't know any spells.
Your spell library was empty.

Dungeon Overview and Level Annotations

Branches:
Dungeon (2/15)

Altars:

Annotations:
D:2 Robin


Innate Abilities, Weirdness & Mutations

You are immune to sickness and miasma.
Your stone body is resilient. (AC +3)
You are immune to poison.
You resist negative energy. (rN+)
You are resistant to electric shocks. (rElec)
You are resistant to unholy torment.
You are immune to petrification.


Message History

You slash the goblin!
You kill the goblin!
The hobgoblin barely misses you.
You slash the hobgoblin!
You kill the hobgoblin!
Robin throws the goblin at you! The goblin hits you with a +0 dagger.
The hobgoblin hits you.
* * * LOW HITPOINT WARNING * * *
You hit the hobgoblin.
The hobgoblin is almost dead.
You hit the goblin.
You kill the goblin!
The hobgoblin misses you.
You hit the hobgoblin but do no damage.
The hobgoblin is almost dead.
The hobgoblin no longer looks unusually strong.
Robin throws the goblin at you! The goblin hits you but does no damage.
The hobgoblin barely misses you. Robin throws the goblin at you!
The goblin hits you but does no damage. You block the goblin's attack.
The hobgoblin misses you.
You barely miss the goblin. You barely miss the hobgoblin.
You slash the goblin!
You kill the goblin!
The goblin hits you with a +0 dagger.
* * * LOW HITPOINT WARNING * * *
The hobgoblin closely misses you.
Unknown command.
You hit the goblin.
You kill the goblin!
You barely miss the hobgoblin.
Robin hits you from afar with a +0 spear.
* * * LOW HITPOINT WARNING * * *
The hobgoblin hits you but does no damage.
Robin hits you but does no damage.
The hobgoblin hits you but does no damage.
It was a potion of flight.
You feel very buoyant.
You fly up into the air.
Robin hits you from afar with a +0 spear.
You die...

#.........#
#>........#
#.........#
#.....g...#####
........g.#...#
.....<....##..# ###
## ..........##..##
###.# #.
.#####..g###...##
#...###.
###gg@)##..#
#..###..
####)....####.......
###....#.....#...
###.......##...
#....#..##...
#####..##.###...
#.........##..(.
#.............#..
..#.##.###..###..


You could see Robin and 2 hobgoblins.

Vanquished Creatures
  An adder (D:1)
  A worm (D:1)
  2 ball pythons (D:1)
  3 endoplasms
  A giant cockroach (D:1)
  7 goblins
  9 hobgoblins
  3 rats
27 creatures vanquished.

Notes
Turn   | Place    | Note
-------+----------+-------------------------------------------
     0 | D:1      | bande the Gargoyle Fighter began the quest for the Orb.
     0 | D:1      | Reached XP level 1. HP: 14/14 MP: 1/1
   146 | D:1      | Found a faded altar of an unknown god.
   492 | D:1      | Reached XP level 2. HP: 19/19 MP: 2/2
   755 | D:1      | Reached XP level 3. HP: 18/23 MP: 3/3
  1119 | D:2      | Noticed Robin
  1142 | D:2      | HP: 1/23 [Robin (1)]
  1143 | D:2      | Slain by Robin

Illustrated notes

Levels and vault maps discovered:
D:1:      matt_arrival_debris, layout_basic,
          dreamdust_ecumenical_altar_hidden_monk_grotto
D:2:      layout_rooms, uniq_robin

Skill      XL: |  1 |
---------------+----+-----
Axes           | 2 |  2.6
Fighting       | |  3.6
Armour         | |  3.8
Shields        | |  3.5

Action                   || total
-------------------------++-------
Melee: War axe           ||    70
  Use: Scroll            ||     4
       Potion            ||     1
Armor: Scale mail        ||    37
Dodge: Dodged            ||    36
Block: Buckler           ||    16
